 Dungeon Crawl Stone Soup version 0.31.0-11-ge490571c62 (webtiles) character file.

Game seed: 3114316597474886095

12774 Ashen the Covert (level 11, -1/84 HPs)
             Began as a Gnoll Enchanter on Feb 1, 2024.
             Was a Follower of Uskayaw.
             Slain by an elephant (9 damage)
             ... on level 1 of the Lair of Beasts.
             The game lasted 00:40:20 (12944 turns).

Ashen the Covert (Gnoll Enchanter)                 Turns: 12944, Time: 00:40:21

Health: -1/84      AC:  6    Str:  7    XL:     11   Next: 98%
Magic:  0/23       EV: 20    Int: 16    God:    Uskayaw [*.....]
Gold:   586        SH:  0    Dex: 16    Spells: 14/27 levels left

rFire   . . .        a - +1 dagger
rCold   . . .        (no shield)
rNeg    + . .        J - +0 troll leather armour
rPois   .            d - +0 helmet
rElec   .            (no cloak)
rCorr   .            (no gloves)
SInv    .            F - +0 pair of boots
Will    .....        I - amulet of faith
Stlth   ++++         r - ring of positive energy
HPRegen 1.14/turn    D - +5 ring of evasion
MPRegen 0.18/turn

%: faith
@: on blink cooldown
A: fangs 1, strong nose, distributed training
a: Renounce Religion, Stomp


You were on level 1 of the Lair of Beasts.
You worshipped Uskayaw.
Uskayaw was noncommittal.
You visited 2 branches of the dungeon, and saw 12 of its levels.

You collected 586 gold pieces.

Inventory:

Hand Weapons
 a - a +1 dagger (weapon)
 e - a +0 short sword
Missiles
 x - a throwing net (quivered)
Armour
 d - a +0 helmet (worn)
 h - a +0 buckler
 F - a +0 pair of boots (worn)
 J - a +0 troll leather armour (worn)
Jewellery
 r - a ring of positive energy (left hand)
 D - a +5 ring of evasion (right hand)
 I - an amulet of faith (around neck)
Wands
 y - a wand of light (6)
 B - a wand of flame (52)
Scrolls
 c - 2 scrolls of vulnerability {unknown}
 g - 3 scrolls of poison {unknown}
 i - 4 scrolls of fog
 j - 2 scrolls of noise
 k - 3 scrolls of identify
 m - 5 scrolls of revelation
 o - 2 scrolls of amnesia {unknown}
 p - 2 scrolls of teleportation {unknown}
 q - 2 scrolls of fear {unknown}
 s - 2 scrolls of enchant armour {unknown}
 v - a scroll of summoning {unknown}
 A - a scroll of immolation {unknown}
 H - a scroll of torment {unknown}
Potions
 l - a potion of attraction
 n - a potion of resistance
 w - 3 potions of brilliance
 K - a potion of lignification


   Skills:
 + Level 7.0 Fighting
 + Level 7.6 Short Blades
 + Level 7.0 Long Blades
 + Level 7.0 Axes
 + Level 7.0 Maces & Flails
 + Level 7.0 Polearms
 + Level 7.0 Staves
 + Level 7.0 Ranged Weapons
 + Level 7.0 Throwing
 + Level 7.0 Armour
 + Level 8.5 Dodging
 + Level 9.3 Stealth
 + Level 7.0 Shields
 + Level 7.0 Unarmed Combat
 + Level 8.7 Spellcasting
 + Level 5.8 Conjurations
 + Level 8.1 Hexes
 + Level 5.8 Summonings
 + Level 5.8 Necromancy
 + Level 5.8 Translocations
 + Level 5.8 Fire Magic
 + Level 5.8 Ice Magic
 + Level 5.8 Air Magic
 + Level 5.8 Earth Magic
 + Level 5.8 Alchemy
 + Level 7.7 Invocations
 + Level 7.0 Evocations
 + Level 6.4 Shapeshifting


You had 14 spell levels left.
You knew the following spells:

 Your Spells              Type           Power      Damage    Failure   Level
a - Ensorcelled Hibernat  Hex/Ice        58%        N/A       1%          2
b - Blink                 Tloc           50%        N/A       1%          2
c - Confusing Touch       Hex            33%        N/A       1%          3
d - Tukima's Dance        Hex            33%        N/A       1%          3
e - Dazzling Flash        Conj/Hex       58%        N/A       2%          3

Your spell library contained the following spells:

 Spells                   Type           Power      Damage    Failure   Level
 Kiss of Death            Conj/Necr      100%       2d13      1%          1
 Magic Dart               Conj           100%       1d8       1%          1
 Sting                    Conj/Alch      100%       1d9       1%          1
 Call Imp                 Summ           50%        N/A       1%          2
 Mercury Vapours          Alch/Air       50%        N/A       1%          2
 Sublimation of Blood     Necr           25%        N/A       1%          2
 Dispel Undead            Necr           25%        3d12      13%         4
 Olgreb's Toxic Radiance  Alch           25%        N/A       13%         4
 Petrify                  Alch/Erth      25%        N/A       13%         4
 Irradiate                Conj/Alch      12%        3d15      36%         5


Dungeon Overview and Level Annotations

Branches:
Dungeon (11/15)            Temple (0/1) D:7            Lair (1/5) D:11
    Orc (0/2) D:9

Altars:
Cheibriados
Dithmenos
Hepliaklqana
Makhleb
Sif Muna
Uskayaw
Zin
The Shining One

Annotations:
D:6 exclusion: oklob plant


Innate Abilities, Weirdness & Mutations

You have very sharp teeth.
Your uncanny sense of smell can sniff out nearby items.
Your experience applies equally to all skills.


Message History

You hold your ground!
The elephant barely misses you. x2
The elephant completely misses you. The elephant tramples you.
* * * LOW HITPOINT WARNING * * *
You hold your ground!
The elephant trunk-slaps you.
* * * LOW HITPOINT WARNING * * *
Casting: Ensorcelled Hibernation (safe; 1% risk of failure)
Confirm with . or Enter, or press ? or * to list all spells.
You blink.
The elephant closely misses you. x2
You feel better. The elephant tramples you!
* * * LOW HITPOINT WARNING * * *
You hold your ground!
The elephant barely misses you. The elephant tramples you!
* * * LOW HITPOINT WARNING * * *
You stumble backwards!
The elephant tramples you.
* * * LOW HITPOINT WARNING * * *
You stumble backwards!
Casting: Blink (safe; 1% risk of failure)
Confirm with . or Enter, or press ? or * to list all spells.
Aiming: Ensorcelled Hibernation (safe; 1% risk of failure)
Press: ? - help, Shift-Dir - straight line, f - elephant
Aim: an elephant (purple smoke, almost dead, not susceptible)
Okay, then.
You stomp with the beat, sending a shockwave through the revellers around you!
You kill the elephant!
The plant begins to die.
The plant is moderately damaged.
You can no longer pass through a line of other dancers.
The elephant tramples the plant!
The elephant trunk-slaps the plant.
A cane toad comes into view.
The cane toad gives a loud, deep croak!
You hit the elephant but do no damage.
The elephant tramples you but does no damage.
The elephant trunk-slaps you but does no damage.
Unknown command.
Okay, then.
You hit the elephant but do no damage. You hit the elephant but do no damage.
The elephant closely misses you.
The elephant trunk-slaps you but does no damage.
The elephant tramples you!
You die...

...........#
........... #
#).......## #.
##........#
...#.....§§.#
#........§§§##
#.....§#P§§§§#
#......@YY§§§#
.......§Y.§§§#
#.##....Y.§§##
.....[..§§§.#
........§.§.## ###
..#........†§##..##
...#F.............##
..........#........
..................


You could see 4 elephants and a cane toad.

Vanquished Creatures
  A two-headed ogre (D:11)
  Pikel (D:5)
  A cyclops (D:11)
  A manticore (D:11)
  An elephant (Lair:1)
  An orange demon (Lair:1)
  Maggie (D:6)
  4 trolls
  Grinder (D:6)
  3 blink frogs (Lair:1)
  4 hornets
  A wraith (D:9)
  Sigmund (D:5)
  3 wyverns
  2 shadows (D:11)
  2 steam dragons
  4 yaks (D:11)
  2 basilisks (D:11)
  A vampire mosquito (D:11)
  2 acid dragons
  Duvessa (D:4)
  5 water moccasins
  5 black bears
  4 orc warriors
  An ogre (D:5)
  6 centaurs
  2 wolves (D:11)
  A phantom (D:6)
  2 kobold brigands
  5 bullfrogs
  3 wights
  Dowan (D:4)
  10 killer bees
  A howler monkey (D:11)
  A bombardier beetle (D:4)
  4 hounds
  11 jellies (D:6)
  3 gnoll boudas
  12 orc priests
  3 iguanas
  5 orc wizards
  11 gnolls
  6 adders
  2 shadow imps
  6 ufetubi
  2 dart slugs
  2 ribbon worms
  25 orcs
  15 endoplasms
  A giant cockroach (D:1)
  5 goblins
  5 hobgoblins
  6 jackals (D:5)
  5 quokkas
  2 ball pythons
  6 bats
  4 frilled lizards
  16 kobolds
  5 rats
247 creatures vanquished.

Vanquished Creatures (others)
  Amaemon (Lair:1)
  A dancing weapon (D:7)
  An orc wizard (D:7)
3 creatures vanquished.

Grand Total: 250 creatures vanquished

Notes
Turn   | Place    | Note
-------+----------+-------------------------------------------
     0 | D:1      | Ashen the Gnoll Enchanter began the quest for the Orb.
     0 | D:1      | Reached XP level 1. HP: 13/13 MP: 6/6
   224 | D:1      | Reached XP level 2. HP: 15/19 MP: 7/7
   492 | D:1      | Learned a level 2 spell: Ensorcelled Hibernation
   709 | D:2      | Reached skill level 5 in Spellcasting
   709 | D:2      | Reached XP level 3. HP: 22/25 MP: 1/9
   827 | D:2      | Reached skill level 6 in Stealth
   827 | D:2      | Reached skill level 1 in Invocations
  1856 | D:3      | Reached skill level 1 in Fighting
  1856 | D:3      | Reached skill level 1 in Long Blades
  1856 | D:3      | Reached skill level 1 in Axes
  1856 | D:3      | Reached skill level 1 in Maces & Flails
  1856 | D:3      | Reached skill level 1 in Polearms
  1856 | D:3      | Reached skill level 1 in Staves
  1856 | D:3      | Reached skill level 1 in Ranged Weapons
  1856 | D:3      | Reached skill level 1 in Throwing
  1856 | D:3      | Reached skill level 1 in Armour
  1856 | D:3      | Reached skill level 1 in Shields
  1856 | D:3      | Reached skill level 1 in Unarmed Combat
  1856 | D:3      | Reached skill level 1 in Evocations
  2050 | D:3      | Reached skill level 1 in Shapeshifting
  2050 | D:3      | Reached XP level 4. HP: 32/32 MP: 8/11
  2206 | D:3      | Found a glowing silver altar of Zin.
  2273 | D:3      | Found a hazy altar of Hepliaklqana.
  2466 | D:4      | Reached skill level 1 in Conjurations
  2466 | D:4      | Reached skill level 1 in Summonings
  2466 | D:4      | Reached skill level 1 in Necromancy
  2466 | D:4      | Reached skill level 1 in Translocations
  2466 | D:4      | Reached skill level 1 in Fire Magic
  2466 | D:4      | Reached skill level 1 in Ice Magic
  2466 | D:4      | Reached skill level 1 in Air Magic
  2466 | D:4      | Reached skill level 1 in Earth Magic
  2466 | D:4      | Reached skill level 1 in Alchemy
  2487 | D:4      | Reached XP level 5. HP: 8/37 MP: 4/12
  2977 | D:4      | Reached XP level 6. HP: 44/44 MP: 10/13
  3017 | D:4      | Noticed Duvessa
  3021 | D:4      | Noticed Dowan
  3090 | D:4      | Killed Duvessa
  3091 | D:4      | Reached skill level 5 in Dodging
  3412 | D:4      | Killed Dowan
  3468 | D:4      | Reached XP level 7. HP: 51/51 MP: 8/15
  3660 | D:4      | Learned a level 2 spell: Blink
  3851 | D:5      | Entered Level 5 of the Dungeon
  3856 | D:5      | Noticed Sigmund
  3858 | D:5      | Killed Sigmund
  3866 | D:5      | Found a glowing golden altar of the Shining One.
  3867 | D:5      | Found a snail-covered altar of Cheibriados.
  3868 | D:5      | Found a shimmering blue altar of Sif Muna.
  3894 | D:5      | Noticed Pikel
  3931 | D:5      | Killed Pikel
  3932 | D:5      | Reached XP level 8. HP: 7/58 MP: 8/17
  4148 | D:5      | Reached skill level 7 in Stealth
  4352 | D:5      | Learned a level 3 spell: Confusing Touch
  4356 | D:5      | Learned a level 3 spell: Tukima's Dance
  4360 | D:5      | Learned a level 3 spell: Dazzling Flash
  4595 | D:5      | Found a hide-covered altar of Uskayaw.
  4603 | D:5      | Became a worshipper of Uskayaw the Reveller
  4629 | D:5      | Reached * piety under Uskayaw
  4735 | D:5      | Reached XP level 9. HP: 65/65 MP: 18/18
  5140 | D:6      | Noticed Maggie
  5148 | D:6      | Killed Maggie
  5148 | D:6      | Reached ** piety under Uskayaw
  5149 | D:6      | Reached skill level 5 in Short Blades
  5151 | D:6      | Reached *** piety under Uskayaw
  5451 | D:6      | Noticed Grinder
  5458 | D:6      | Killed Grinder
  5482 | D:6      | Noticed an oklob plant
  5496 | D:6      | Reached skill level 5 in Invocations
  6519 | D:7      | Reached skill level 5 in Fighting
  6519 | D:7      | Reached skill level 5 in Long Blades
  6519 | D:7      | Reached skill level 5 in Axes
  6519 | D:7      | Reached skill level 5 in Maces & Flails
  6519 | D:7      | Reached skill level 5 in Polearms
  6519 | D:7      | Reached skill level 5 in Staves
  6519 | D:7      | Reached skill level 5 in Ranged Weapons
  6519 | D:7      | Reached skill level 5 in Throwing
  6519 | D:7      | Reached skill level 5 in Armour
  6519 | D:7      | Reached skill level 5 in Shields
  6519 | D:7      | Reached skill level 5 in Unarmed Combat
  6519 | D:7      | Reached skill level 5 in Evocations
  6519 | D:7      | Reached XP level 10. HP: 63/74 MP: 17/20
  7250 | D:7      | Found a shadowy altar of Dithmenos.
  7275 | D:7      | Reached skill level 8 in Stealth
  7330 | D:7      | Found a staircase to the Ecumenical Temple.
  7784 | D:8      | Found a burning altar of Makhleb.
  8311 | D:8      | Reached **** piety under Uskayaw
  9225 | D:9      | Reached skill level 5 in Shapeshifting
  9909 | D:9      | Found a staircase to the Orcish Mines.
 10021 | D:9      | Paralysed by a hornet for 1 turns
 10035 | D:9      | Paralysed by a hornet for 1 turns
 10304 | D:10     | Entered Level 10 of the Dungeon
 10440 | D:10     | Reached skill level 5 in Conjurations
 10440 | D:10     | Reached skill level 5 in Summonings
 10440 | D:10     | Reached skill level 5 in Necromancy
 10440 | D:10     | Reached skill level 5 in Translocations
 10440 | D:10     | Reached skill level 5 in Fire Magic
 10440 | D:10     | Reached skill level 5 in Ice Magic
 10440 | D:10     | Reached skill level 5 in Air Magic
 10440 | D:10     | Reached skill level 5 in Earth Magic
 10440 | D:10     | Reached skill level 5 in Alchemy
 10440 | D:10     | Reached XP level 11. HP: 81/81 MP: 17/22
 11181 | D:11     | Identified the +7 trident "Qubbul" {venom, ^Contam +Blink
                  | rC+++ SInv}
 11226 | D:11     | Found a staircase to the Lair.
 11232 | D:11     | Reached ***** piety under Uskayaw
 11246 | D:11     | Reached ****** piety under Uskayaw
 11389 | D:11     | Noticed a manticore
 11398 | D:11     | Killed a manticore
 11701 | D:11     | Reached skill level 9 in Stealth
 11707 | D:11     | Noticed a cyclops
 11715 | D:11     | Killed a cyclops
 11785 | D:11     | Noticed a two-headed ogre
 11803 | D:11     | Killed a two-headed ogre
 12140 | D:11     | Noticed a centaur warrior
 12885 | Lair:1   | Entered Level 1 of the Lair of Beasts
 12888 | Lair:1   | Noticed Amaemon
 12936 | Lair:1   | Killed Amaemon
 12936 | Lair:1   | HP: 4/83 [elephant (16)]
 12944 | Lair:1   | Slain by an elephant

Illustrated notes

Levels and vault maps discovered:
D:1:      ebering_trefoil_3fold, layout_basic, nicolae_figureground_pulse
D:2:      layout_basic
D:3:      layout_loops_corners, worldfamousw_hep_ancestral_shrine,
          zin_scriptorium, fountainhead, chequers_mini_garden
D:4:      layout_rooms, nicolae_overflow_hidden_temple, minmay_misc_feat_doors,
          uniq_duvessa
D:5:      black_bear_nest_1, layout_basic, nicolae_uskayaw_dance_hall,
          chequers_temple_overflow_statue_of_worship, uniq_sigmund, uniq_pikel
D:6:      lemuel_slime, layout_basic, uniq_maggie, uniq_grinder
D:7:      layout_rooms, nicolae_dithmenos_through_a_glass_darkly,
          minmay_temple_entry_hall
D:8:      layout_layer_cave, bloody_makhleb
D:9:      layout_basic, orc_0_dummy
D:10:     layout_roguey, nicolae_zig_zag_zippers
D:11:     minmay_clustersquares, layout_basic, minmay_lair_entry_grove
Lair:1:   layout_cave_shapes, grunt_megastairs_3, uniq_amaemon

Skill      XL: |  1  2  3  4  5  6  7  8  9 10 11 |
---------------+----------------------------------+-----
Spellcasting   | 5 6 7 8 |  8.7
Stealth        | 6 7 8 9 |  9.3
Invocations    | 1 2 3 4 5 6 7 |  7.7
Fighting       | 1 2 3 5 6 7 |  7.0
Long Blades    | 1 2 3 5 6 7 |  7.0
Axes           | 1 2 3 5 6 7 |  7.0
Maces & Flails | 1 2 3 5 6 7 |  7.0
Polearms       | 1 2 3 5 6 7 |  7.0
Staves         | 1 2 3 5 6 7 |  7.0
Ranged Weapons | 1 2 3 5 6 7 |  7.0
Throwing       | 1 2 3 5 6 7 |  7.0
Armour         | 1 2 3 5 6 7 |  7.0
Shields        | 1 2 3 5 6 7 |  7.0
Unarmed Combat | 1 2 3 5 6 7 |  7.0
Evocations     | 1 2 3 5 6 7 |  7.0
Shapeshifting  | 1 2 3 4 5 6 |  6.4
Conjurations   | 1 2 3 4 5 |  5.8
Summonings     | 1 2 3 4 5 |  5.8
Necromancy     | 1 2 3 4 5 |  5.8
Translocations | 1 2 3 4 5 |  5.8
Fire Magic     | 1 2 3 4 5 |  5.8
Ice Magic      | 1 2 3 4 5 |  5.8
Air Magic      | 1 2 3 4 5 |  5.8
Earth Magic    | 1 2 3 4 5 |  5.8
Alchemy        | 1 2 3 4 5 |  5.8
Short Blades   | 3 4 5 6 7 |  7.6
Dodging        | 5 6 7 8 |  8.5
Hexes          | 6 7 8 |  8.1

Action                     |  1- 3 |  4- 6 |  7- 9 | 10-12 || total
---------------------------+-------+-------+-------+-------++-------
  Melee: Dagger            |   103 |    75 |   227 |   575 ||   980
         Bite              |    12 |     6 |    26 |    85 ||   129
         Punch             |       |     3 |     5 |    27 ||    35
   Cast: Ensorcelled Hiber |     7 |    38 |    68 |   100 ||   213
         Confusing Touch   |       |       |       |    37 ||    37
         Blink             |       |       |       |     4 ||     4
         Dazzling Flash    |       |       |       |     4 ||     4
         Tukima's Dance    |       |       |       |     1 ||     1
 Invoke: Stomp             |       |       |     1 |     1 ||     2
         Line Pass         |       |       |     1 |       ||     1
  Evoke: Wand              |       |       |     1 |     6 ||     7
    Use: Potion            |       |     2 |       |    10 ||    12
         Scroll            |       |       |       |     9 ||     9
   Stab: Sleeping          |    17 |    21 |    52 |    63 ||   153
         Invisible         |       |     8 |     1 |     2 ||    11
         Confused          |       |       |       |    26 ||    26
         Paralysed         |       |       |       |     7 ||     7
         Distracted        |       |       |       |     1 ||     1
 Armour: Robe              |    48 |    43 |    28 |       ||   119
         Steam dragon scal |       |       |    84 |   245 ||   329
         Troll leather arm |       |       |       |   143 ||   143
  Dodge: Dodged            |    64 |    62 |   191 |   550 ||   867
  Block: Other             |       |       |       |    57 ||    57
         Reflection        |       |       |       |     2 ||     2
